[Event "Titled Tuesday Blitz April 19 Late 2022"]
[White "Jacobson, Brandon"]
[Black "Martinez Alcantara, Jose Eduardo"]
[WhiteFideId "30901561"]
[BlackFideId "3805662"]
[WhiteElo "2362"]
[BlackElo "2690"]
[Result "1/2-1/2"]
[Round "05"]
[TimeControl "180+1"]
[Date "2022.04.19"]
[WhiteClock "0:00:06"]
[BlackClock "0:00:03"]

1. Nf3 c5 2. c4 Nc6 3. Nc3 g6 4. e3 Bg7 5. d4 d6 6. Be2 e6 7. d5 exd5 8. Nxd5 Nge7 9. O-O O-O 10. e4 Nxd5 11. cxd5 Nd4 12. Nxd4 Bxd4 13. Qc2 f5 14. Be3 Bxe3 15. fxe3 Qe7 16. Bd3 fxe4 17. Rxf8+ Qxf8 18. Bxe4 Qg7 19. Bf3 Bd7 20. Rb1 a5 21. Qd2 b5 22. e4 b4 23. Qf4 Qe7 24. Re1 Rf8 25. Qg3 Re8 26. Bg4 Bxg4 27. Qxg4 Qe5 28. Qe2 Rf8 29. b3 Kg7 30. h3 h5 31. Qd3 Rf4 32. Re2 g5 33. Re1 Kh6 34. Qa6 g4 35. hxg4 Rxg4 36. Qd3 Kg6 37. Re2 Qa1+ 38. Kh2 Rh4+ 39. Kg3 Qe5+ 40. Kf2 Rg4 41. Kg1 h4 42. Qh3 Kh5 43. Qf3 Qf4 44. Qxf4 Rxf4 45. e5 dxe5 46. Rxe5+ Kg4 47. d6 Rd4 48. Rxc5 Rxd6 49. Rxa5 Rd1+ 50. Kh2 Rd2 1/2-1/2


[Site "https://www.chess.com"]

[Event "Titled Tuesday Blitz April 19 Late 2022"]
[White "Jaferian, Koosha"]
[Black "Ferreira, Vitor Hugo Vieira"]
[WhiteFideId "12507440"]
[BlackFideId "2119765"]
[WhiteElo "2030"]
[BlackElo "2165"]
[Result "1-0"]
[Round "05"]
[TimeControl "180+1"]
[Date "2022.04.19"]
[WhiteClock "0:00:18"]
[BlackClock "0:00:45"]

1. e4 c5 2. Nc3 Nc6 3. Bb5 e6 4. Bxc6 bxc6 5. d3 d5 6. f4 Nf6 7. Nf3 c4 8. e5 Ng4 9. dxc4 Qb6 10. Qe2 Ba6 11. h3 Bxc4 12. Qd2 Nh6 13. b3 Ba6 14. Bb2 Nf5 15. O-O-O Bb4 16. a3 Bc5 17. Kb1 Be3 18. Na4 Bxd2 19. Nxb6 axb6 20. Rxd2 Ng3 21. Re1 Ne4 22. Rdd1 O-O 23. g4 c5 24. f5 Nf2 25. Rd2 Nxh3 26. Rh2 Nf4 27. Bc1 Ne2 28. Rexe2 Bxe2 29. Rxe2 exf5 30. gxf5 d4 31. Nd2 b5 32. Ne4 c4 33. Nd6 d3 34. cxd3 cxd3 35. Rd2 b4 36. a4 Ra6 37. Rxd3 Rd8 38. Bf4 Kf8 39. Rd4 Rb6 40. a5 Ra6 41. Rd5 f6 42. e6 Ke7 43. Be3 Rc6 44. Bc5 Rxc5 45. Rxc5 Kxd6 46. Rc4 Ra8 47. Rd4+ Ke5 48. Rd7 Kxf5 49. e7 Re8 50. a6 Ke6 51. Rb7 Ra8 52. a7 Kf7 53. Rb8 Kxe7 54. Rxa8 f5 55. Rh8 Kf6 56. a8=Q f4 57. Qf8+ Kg5 58. Qxb4 f3 59. Rf8 f2 60. Rxf2 h5 61. Qf4+ Kg6 62. Rg2+ Kh7 63. Qg5 g6 64. Qxg6+ Kh8 65. Qg7# 1-0


[Site "https://www.chess.com"]

[Event "Titled Tuesday Blitz April 19 Late 2022"]
[White "Janturin, Artur"]
[Black "Romanchuk, Viktor"]
[WhiteFideId "4130022"]
[BlackFideId "14109271"]
[WhiteElo "2379"]
[BlackElo "2242"]
[Result "1/2-1/2"]
[Round "05"]
[TimeControl "180+1"]
[Date "2022.04.19"]
[WhiteClock "0:00:14"]
[BlackClock "0:00:19"]

1. b3 d5 2. Bb2 c6 3. e3 Bf5 4. g3 e6 5. Bg2 Nd7 6. d3 Ngf6 7. Ne2 Bd6 8. O-O Qe7 9. Nd2 Ba3 10. Qc1 Bxb2 11. Qxb2 O-O 12. b4 h6 13. a3 Rfe8 14. Nb3 e5 15. Na5 Rab8 16. Rac1 Qd6 17. Rfd1 b6 18. Nb3 Bg4 19. Rd2 Nf8 20. c4 Qd7 21. cxd5 cxd5 22. Rdc2 Bf5 23. Rc7 Qd6 24. d4 a5 25. R1c6 Qd8 26. dxe5 Ne4 27. Nbd4 Bd7 28. Rc1 axb4 29. axb4 Rxe5 30. Rxd7 Qxd7 31. Nc6 Ree8 32. Nxb8 Rxb8 33. Rd1 Nf6 34. Nf4 Rd8 35. Nxd5 Nxd5 36. Rxd5 Qe7 37. Rxd8 Qxd8 38. Qd4 Qxd4 39. exd4 Nd7 40. Bc6 Nf6 41. Kf1 Kf8 42. Ke2 Ke7 43. h3 Kd6 44. Bf3 Ne8 45. Kd3 Nc7 46. Kc4 f6 47. h4 Ke7 48. Bd5 Kd6 49. Bf7 Ke7 50. Bd5 Kd6 51. Be4 Ke7 52. f4 Kd6 53. g4 g5 54. fxg5 fxg5 55. h5 Ke7 56. Bd5 Kd6 57. Be4 Ke7 58. Bf5 Kd6 59. Be4 1/2-1/2


[Site "https://www.chess.com"]

[Event "Titled Tuesday Blitz April 19 Late 2022"]
[White "Jaracz, Pawel"]
[Black "Ronka, Erik"]
[WhiteFideId "1102222"]
[BlackFideId "505080"]
[WhiteElo "2429"]
[BlackElo "2264"]
[Result "1-0"]
[Round "05"]
[TimeControl "180+1"]
[Date "2022.04.19"]
[WhiteClock "0:02:30"]
[BlackClock "0:02:11"]

1. d4 Nf6 2. c4 e6 3. Nf3 b6 4. a3 Bb7 5. Nc3 d5 6. Bg5 Be7 7. Bxf6 Bxf6 8. cxd5 exd5 9. Qa4+ c6 10. g3 O-O 11. Bh3 Re8 12. O-O Qd6 13. Rfe1 Na6 14. Rad1 Nc7 15. Qc2 g6 16. e4 Be5 17. dxe5 1-0


[Site "https://www.chess.com"]

[Event "Titled Tuesday Blitz April 19 Late 2022"]
[White "Jegorovas, Aleksandras"]
[Black "Arabidze, Meri"]
[WhiteFideId "12801950"]
[BlackFideId "13604040"]
[WhiteElo "2247"]
[BlackElo "2335"]
[Result "1/2-1/2"]
[Round "05"]
[TimeControl "180+1"]
[Date "2022.04.19"]
[WhiteClock "0:00:14"]
[BlackClock "0:00:04"]

1. d4 f5 2. Nf3 Nf6 3. g3 e6 4. Bg2 d5 5. O-O Bd6 6. c4 c6 7. Nc3 O-O 8. Qc2 Ne4 9. Rb1 Qe7 10. c5 Bc7 11. b4 a6 12. Bf4 Bxf4 13. gxf4 Bd7 14. a4 Be8 15. Ne5 Nd7 16. f3 Nxc3 17. Qxc3 Nf6 18. e3 Nh5 19. Ra1 Kh8 20. Qd2 Rg8 21. Kh1 g6 22. Qf2 Bd7 23. Rfb1 Raf8 24. Bf1 g5 25. fxg5 f4 26. Nxd7 Qxd7 27. Bd3 Rxg5 28. Rg1 Rfg8 29. Qh4 Qe7 30. Rg4 Qf6 31. exf4 Rxg4 32. Qxf6+ Nxf6 33. fxg4 Rxg4 34. Rf1 Kg7 35. b5 axb5 36. axb5 cxb5 37. Bxb5 Ne4 38. Bd7 Kf6 39. f5 e5 40. dxe5+ Kxe5 41. f6 Rg8 42. f7 Rf8 43. Be8 Nxc5 44. Re1+ Kd6 45. Kg2 Ne6 46. Rb1 Ng5 47. Rxb7 Ke6 48. Rb6+ Ke5 49. Rb7 Kf6 50. Rb6+ Kf5 51. Rb7 d4 52. Rd7 Ke5 53. h4 Ne4 54. Re7+ Kf4 55. Rd7 Ke3 56. Re7 Kf4 57. Rd7 Ke3 58. Re7 Kf4 1/2-1/2


[Site "https://www.chess.com"]

[Event "Titled Tuesday Blitz April 19 Late 2022"]
[White "Jessel, Stephen"]
[Black "Lopez Idarraga, Daniel Eduardo"]
[WhiteFideId "628859"]
[BlackFideId "4405501"]
[WhiteElo "2268"]
[BlackElo "2055"]
[Result "1-0"]
[Round "05"]
[TimeControl "180+1"]
[Date "2022.04.19"]
[WhiteClock "0:02:13"]
[BlackClock "0:01:27"]

1. Nf3 d5 2. c4 c6 3. g3 Nf6 4. Bg2 Bf5 5. cxd5 cxd5 6. Qb3 Qc8 7. Nc3 e6 8. O-O Nc6 9. d3 Be7 10. Bf4 O-O 11. Rac1 Qd7 12. e4 dxe4 13. dxe4 Nxe4 14. Rfd1 Qe8 15. Qxb7 Nb4 16. Nxe4 Nd5 17. Nd6 Qa4 18. Nxf5 1-0


[Site "https://www.chess.com"]

[Event "Titled Tuesday Blitz April 19 Late 2022"]
[White "Jimenez Fernandez, Rebeca"]
[Black "Carrasco Miranda, Andres"]
[WhiteFideId "32070934"]
[BlackFideId "3405990"]
[WhiteElo "1853"]
[BlackElo "2177"]
[Result "1/2-1/2"]
[Round "05"]
[TimeControl "180+1"]
[Date "2022.04.19"]
[WhiteClock "0:00:15"]
[BlackClock "0:00:09"]

1. e4 c5 2. Nc3 d6 3. g3 Nc6 4. Bg2 g6 5. d3 Bg7 6. Be3 Rb8 7. Qd2 b5 8. Nge2 Nd4 9. O-O b4 10. Nd1 e6 11. Nc1 a5 12. c3 bxc3 13. bxc3 Nc6 14. f4 Nge7 15. f5 exf5 16. Bg5 f6 17. Bh6 O-O 18. exf5 Bxf5 19. Bxg7 Kxg7 20. Bxc6 Nxc6 21. Rxf5 gxf5 22. Ne3 Qd7 23. Qf2 Ne7 24. Ne2 Rb2 25. Qf3 Kh8 26. Nf4 Ng6 27. Nxg6+ hxg6 28. Qf4 Kg7 29. Re1 Re8 30. Rf1 Qc6 31. Rf2 Rxf2 32. Kxf2 Re7 33. g4 fxg4 34. Nxg4 d5 35. Qh6+ Kf7 36. Qh7+ Ke8 37. Qxg6+ Kd8 38. Nxf6 Qb7 39. Qg8+ Kc7 40. Nxd5+ Kd6 41. Nxe7 Qxe7 42. Qg6+ Kc7 43. Qg3+ Kb6 44. Qg6+ Kb5 45. Qg3 Qf6+ 46. Kg2 Qxc3 47. h4 Qc2+ 48. Kh3 Qxa2 49. h5 Qe6+ 50. Qg4 Qe3+ 51. Kh4 Qxd3 52. h6 Qd8+ 53. Qg5 Qd4+ 54. Kh5 Qe4 55. Qg6 Qh1+ 56. Kg5 Qg2+ 57. Kf6 Qc6+ 58. Kg7 Qd7+ 59. Kf6 Qd4+ 60. Kf7 Qd7+ 61. Kf6 Qd4+ 62. Kf7 Qd7+ 63. Kf6 1/2-1/2


[Site "https://www.chess.com"]

[Event "Titled Tuesday Blitz April 19 Late 2022"]
[White "Jobava, Baadur"]
[Black "Abdrlauf, Elham"]
[WhiteFideId "13601520"]
[BlackFideId "1533533"]
[WhiteElo "2617"]
[BlackElo "2334"]
[Result "1-0"]
[Round "05"]
[TimeControl "180+1"]
[Date "2022.04.19"]
[WhiteClock "0:02:44"]
[BlackClock "0:00:56"]

1. e4 e5 2. Nf3 Nc6 3. d4 exd4 4. Nxd4 Nf6 5. Nxc6 bxc6 6. Bd3 d5 7. exd5 cxd5 8. O-O Be7 9. h3 O-O 10. Nd2 c5 11. b3 a5 12. Bb2 Ba6 13. Nf3 a4 14. Re1 Bxd3 15. Qxd3 Re8 16. Rad1 axb3 17. axb3 d4 18. b4 cxb4 19. Bxd4 Qd7 20. Ne5 Qd5 21. Qg3 Bc5 1-0


[Site "https://www.chess.com"]

[Event "Titled Tuesday Blitz April 19 Late 2022"]
[White "Joubert, Dantelle"]
[Black "Zor, Alber Kadir"]
[WhiteFideId "14310813"]
[BlackFideId "6353169"]
[WhiteElo "1507"]
[BlackElo "1966"]
[Result "0-1"]
[Round "05"]
[TimeControl "180+1"]
[Date "2022.04.19"]
[WhiteClock "0:00:10"]
[BlackClock "0:01:08"]

1. Nf3 d5 2. c4 d4 3. d3 Nf6 4. e3 c5 5. exd4 cxd4 6. g3 Nc6 7. Bg2 Nd7 8. O-O e5 9. Re1 Be7 10. a3 a5 11. Nbd2 O-O 12. Ne4 h6 13. g4 Ra6 14. Ng3 Nc5 15. Nxe5 Nxe5 16. Rxe5 Bd6 17. Rd5 Qh4 18. Nf5 Bxf5 19. Rxf5 Qxh2+ 20. Kf1 Qh4 21. Qe2 Nb3 22. Bf4 Bxf4 0-1


[Site "https://www.chess.com"]

[Event "Titled Tuesday Blitz April 19 Late 2022"]
[White "Kalogridis, Antonios"]
[Black "Janaszak, Dawid"]
[WhiteFideId "25833901"]
[BlackFideId "1119206"]
[WhiteElo "1596"]
[BlackElo "2199"]
[Result "0-1"]
[Round "05"]
[TimeControl "180+1"]
[Date "2022.04.19"]
[WhiteClock "0:01:57"]
[BlackClock "0:01:59"]

1. d4 Nf6 2. c4 g6 3. Nc3 Bg7 4. e4 d6 5. Bd3 O-O 6. Nge2 Nc6 7. f4 Bg4 8. h3 Bxe2 9. Nxe2 e5 10. d5 Nb4 11. fxe5 Nxd3+ 12. Qxd3 Nd7 13. exd6 Ne5 14. Qb3 Qh4+ 15. g3 Qxe4 16. Rf1 Rae8 17. Qe3 Qxc4 18. Qc3 Nd3+ 19. Kd2 Bxc3+ 20. Nxc3 0-1


[Site "https://www.chess.com"]

[Event "Titled Tuesday Blitz April 19 Late 2022"]
[White "Kanyamarala, Trisha"]
[Black "Demchenko, Anton"]
[WhiteFideId "45004722"]
[BlackFideId "4160258"]
[WhiteElo "2079"]
[BlackElo "2539"]
[Result "0-1"]
[Round "05"]
[TimeControl "180+1"]
[Date "2022.04.19"]
[WhiteClock "0:00:22"]
[BlackClock "0:01:07"]

1. d4 Nf6 2. c4 d6 3. Nc3 e5 4. Nf3 Nc6 5. dxe5 dxe5 6. Qxd8+ Kxd8 7. Bg5 Be6 8. O-O-O+ Kc8 9. Nd5 Nd7 10. e3 f6 11. Bh4 a5 12. Bd3 Nb4 13. Nxb4 axb4 14. Kb1 Nc5 15. Bc2 Bxc4 16. Nxe5 Bxa2+ 17. Kc1 Be6 18. Nd3 Nb3+ 19. Bxb3 Bxb3 20. Rde1 Be7 21. Kd2 Rd8 22. Rc1 Ba4 23. Bg3 c6 24. Ke2 Bb5 25. Rhd1 Ra2 26. e4 Rxb2+ 27. Ke3 Rb3 28. Ra1 Rdxd3+ 29. Rxd3 Rxd3+ 30. Kf4 Bd6+ 31. Kf5 Bxg3 32. hxg3 b3 33. Ke6 Kc7 0-1


[Site "https://www.chess.com"]

[Event "Titled Tuesday Blitz April 19 Late 2022"]
[White "Karwowski, Kacper"]
[Black "Gatterer, Florian"]
[WhiteFideId "1126032"]
[BlackFideId "811688"]
[WhiteElo "2261"]
[BlackElo "2218"]
[Result "1/2-1/2"]
[Round "05"]
[TimeControl "180+1"]
[Date "2022.04.19"]
[WhiteClock "0:00:02"]
[BlackClock "0:00:09"]

1. e4 e5 2. Nf3 Nc6 3. Bc4 Bc5 4. d3 Nf6 5. O-O d6 6. c3 a5 7. a4 O-O 8. Be3 Bxe3 9. fxe3 Be6 10. Nbd2 Bxc4 11. Nxc4 Re8 12. Qb3 d5 13. exd5 Qxd5 14. Rad1 e4 15. dxe4 Qxe4 16. Nd4 Nxd4 17. exd4 b6 18. Ne5 Qd5 19. Qc2 Qe4 20. Qxe4 Nxe4 21. Nxf7 c5 22. Ne5 cxd4 23. cxd4 Rac8 24. Rc1 h6 25. h3 Nd2 26. Rfd1 Rxc1 27. Rxc1 Nb3 28. Rc6 Nxd4 29. Rd6 Rxe5 30. Rxd4 Re2 31. b3 Re3 32. b4 Ra3 33. bxa5 bxa5 34. Rc4 Ra2 35. Kh2 Kh7 36. h4 h5 37. Kh3 g6 38. g3 Ra3 39. Rf4 Kh6 40. Kg2 Rb3 41. Kh3 Rb4 42. Kg2 Rxf4 43. gxf4 Kg7 44. Kf2 Kf6 45. Ke2 Ke6 46. Kd2 Kd5 47. Kd3 Kc5 48. Kc3 Kd5 49. Kd3 Kc5 50. Kc3 Kd5 51. Kd3 1/2-1/2


[Site "https://www.chess.com"]

[Event "Titled Tuesday Blitz April 19 Late 2022"]
[White "Kavyev, Ruslan"]
[Black "Hoffmann, Asa"]
[WhiteFideId "34110981"]
[BlackFideId "2001470"]
[WhiteElo "2182"]
[BlackElo "2117"]
[Result "1-0"]
[Round "05"]
[TimeControl "180+1"]
[Date "2022.04.19"]
[WhiteClock "0:01:26"]
[BlackClock "0:01:25"]

1. e4 d6 2. d4 Nf6 3. Nc3 c6 4. a4 Qa5 5. Bd3 e5 6. Nf3 Bg4 7. dxe5 dxe5 8. O-O Nbd7 9. h3 Bh5 10. Bd2 Bb4 11. Be2 O-O-O 12. Nh4 Bg6 13. Nxg6 hxg6 14. Bc4 Nc5 15. Bxf7 Bxc3 16. Bxc3 Rxd1 17. Bxa5 Rxa1 18. Rxa1 Nfxe4 19. Bxg6 Nf6 20. Bb4 Ne6 21. Bf5 Re8 22. Bc3 e4 23. Bxf6 gxf6 24. Re1 Kc7 25. Rxe4 Ng7 26. Rxe8 Nxe8 27. g4 Kd6 28. f4 Kc5 29. g5 fxg5 30. fxg5 Ng7 31. Bg4 Kd4 32. Kf2 Ke4 33. Kg3 Ke3 34. h4 a5 35. h5 1-0


[Site "https://www.chess.com"]

[Event "Titled Tuesday Blitz April 19 Late 2022"]
[White "Khripachenko, Alexander"]
[Black "Saldano Dayer, Horacio"]
[WhiteFideId "54184975"]
[BlackFideId "103411"]
[WhiteElo "2193"]
[BlackElo "2419"]
[Result "0-1"]
[Round "05"]
[TimeControl "180+1"]
[Date "2022.04.19"]
[WhiteClock "0:00:55"]
[BlackClock "0:00:48"]

1. e4 d6 2. d4 Nf6 3. Nc3 e5 4. Nf3 Nbd7 5. Bc4 Be7 6. O-O Nb6 7. Bb3 exd4 8. Nxd4 O-O 9. a3 a5 10. Re1 Re8 11. Bg5 h6 12. Bh4 c6 13. Qf3 a4 14. Ba2 Ra5 15. h3 g5 16. Bg3 g4 17. hxg4 Bxg4 18. Qd3 Rh5 19. f3 Bc8 20. Rad1 Rg5 21. Bf4 Rg7 22. Bxh6 Rg6 23. Bf4 Nh5 24. Bh2 Bh4 25. e5 d5 26. f4 Bg3 27. Nce2 Bxh2+ 28. Kxh2 Qh4+ 29. Kg1 Nxf4 30. Nxf4 Qxf4 31. Nf3 Bg4 32. Rf1 Bxf3 33. Rxf3 Qxe5 34. Rdf1 Re7 35. c3 Qg5 36. R3f2 Re3 37. Qd4 Rg3 38. Qd2 Rxg2+ 0-1


[Site "https://www.chess.com"]

[Event "Titled Tuesday Blitz April 19 Late 2022"]
[White "Koc, Przemyslaw"]
[Black "Koziorowicz, Michal"]
[WhiteFideId "1109081"]
[BlackFideId "21809194"]
[WhiteElo "2141"]
[BlackElo "2235"]
[Result "0-1"]
[Round "05"]
[TimeControl "180+1"]
[Date "2022.04.19"]
[WhiteClock "0:00:01"]
[BlackClock "0:01:40"]

1. d4 Na6 2. e4 c6 3. c4 e5 4. Nf3 exd4 5. Nxd4 Nf6 6. Nc3 Bb4 7. Bd3 O-O 8. O-O Re8 9. Re1 Nc5 10. f3 d5 11. cxd5 Nxd5 12. exd5 Rxe1+ 13. Qxe1 Nxd3 14. Qe3 Nxc1 15. Rxc1 cxd5 16. Nxd5 Qxd5 17. Qe8+ Bf8 18. Nb5 Qe6 19. Qxe6 Bxe6 20. Rc7 a6 21. Nc3 b5 22. a3 b4 23. axb4 Bxb4 24. g4 Bxc3 25. Rxc3 h6 26. Kg2 Rb8 27. Kg3 Rxb2 28. h4 g6 29. Kf4 Kg7 30. g5 Rb4+ 31. Kg3 hxg5 32. hxg5 a5 33. Rc5 a4 34. Ra5 Bb3 35. f4 Rc4 36. Kg4 Bd1+ 37. Kg3 Rc3+ 38. Kf2 Rc1 39. Ke3 Ra1 40. Kd2 Bb3 41. Kc3 Be6 42. Kb2 a3+ 43. Kxa1 a2 44. Kb2 Kf8 45. Kc3 Ke7 46. Kd4 Kd7 47. Ke5 Kc6 48. Kd4 Kb6 49. Ra8 Kb5 50. Ra7 Kb4 51. Ra8 Bb3 52. Kd3 Ba4 53. Rb8+ Ka3 0-1


[Site "https://www.chess.com"]

[Event "Titled Tuesday Blitz April 19 Late 2022"]
[White "Kohler, Aran"]
[Black "Piliczewski, Bogusz"]
[WhiteFideId "1002856"]
[BlackFideId "1104144"]
[WhiteElo "2297"]
[BlackElo "1896"]
[Result "0-1"]
[Round "05"]
[TimeControl "180+1"]
[Date "2022.04.19"]
[WhiteClock "0:00:03"]
[BlackClock "0:00:05"]

1. d4 d5 2. Nf3 Nf6 3. Bg5 Ne4 4. Bf4 c6 5. c3 Bf5 6. e3 e6 7. Nbd2 Bd6 8. Bxd6 Nxd6 9. Be2 Qb6 10. b4 a5 11. a3 Nd7 12. O-O O-O 13. Nh4 Be4 14. Nxe4 Nxe4 15. Qc2 f5 16. Nf3 axb4 17. axb4 Qc7 18. Nd2 Ndf6 19. f3 Nd6 20. Qb2 b5 21. Nb3 Nc4 22. Bxc4 dxc4 23. Nc5 Qd6 24. e4 e5 25. Rad1 exd4 26. Rxd4 Qe5 27. f4 Qe7 28. e5 Nd5 29. Ra1 Ra7 30. Rxa7 Qxa7 31. Kf2 Ra8 32. Rxd5 cxd5 33. Qd2 Qa2 34. Ke3 Qxd2+ 35. Kxd2 Ra2+ 36. Ke3 Rxg2 37. e6 Kf8 38. Kd4 Rd2+ 39. Ke5 Ke7 40. Kxf5 g6+ 41. Ke5 Re2+ 42. Kxd5 Rxh2 43. Kc6 Rc2 44. Kxb5 Rxc3 45. Kc6 Re3 46. b5 c3 47. b6 c2 48. b7 c1=Q 49. b8=Q Rxe6+ 50. Kd5 Qd2+ 51. Kc4 Qc2+ 52. Kd5 Qd1+ 53. Kc4 Qe2+ 54. Kd5 Qf3+ 55. Kc4 Qxf4+ 56. Kb5 Qf1+ 57. Ka5 Qa1+ 58. Na4 Qe1+ 59. Kb5 Qb1+ 60. Kc4 Qxb8 61. Nc5 Rc6 62. Kd5 Rxc5+ 63. Kxc5 Qb7 64. Kd4 Qb5 65. Ke3 Ke6 66. Kf4 Qb4+ 67. Kg5 Kf7 68. Kh6 Kf6 69. Kxh7 Qb7+ 70. Kh6 Qh1# 0-1


[Site "https://www.chess.com"]

[Event "Titled Tuesday Blitz April 19 Late 2022"]
[White "Kollars, Dmitrij"]
[Black "Mekhitarian, Krikor Sevag"]
[WhiteFideId "12909572"]
[BlackFideId "2107660"]
[WhiteElo "2584"]
[BlackElo "2598"]
[Result "1/2-1/2"]
[Round "05"]
[TimeControl "180+1"]
[Date "2022.04.19"]
[WhiteClock "0:00:03"]
[BlackClock "0:00:03"]

1. Nf3 c5 2. e3 d5 3. d4 e6 4. c4 Nf6 5. a3 Nc6 6. dxc5 Bxc5 7. b4 Bd6 8. Bb2 O-O 9. Nbd2 Qe7 10. Be2 dxc4 11. Nxc4 Bc7 12. O-O Bd7 13. Rc1 Rad8 14. Qc2 h6 15. b5 Na5 16. Nce5 Bd6 17. a4 Rc8 18. Qb1 Rxc1 19. Rxc1 Rc8 20. Nxd7 Rxc1+ 21. Qxc1 Qxd7 22. Bxf6 gxf6 23. Qc3 Qd8 24. g3 Kg7 25. Qd4 b6 26. Qg4+ Kf8 27. Qh3 Kg7 28. Nd4 Be5 29. Qxe6 Qxd4 30. exd4 fxe6 31. dxe5 fxe5 32. Kg2 Kf6 33. Kf3 Nb3 34. Bd1 Nc5 35. Bc2 Nb7 36. h4 Nd6 37. Bd3 Nb7 38. Ke3 Nc5 39. Bc2 Nb7 40. g4 Nd6 41. Bd3 Nb7 42. Kd2 Nc5 43. Bc2 Nb7 44. Ke3 Nc5 45. Ke2 Nb7 46. Kd2 Nc5 47. Kc3 Nb7 48. Kb4 Nc5 49. a5 Nb7 50. a6 Nd6 51. Bd3 e4 52. Be2 Ke5 53. Kc3 Ne8 54. Kd2 Nc7 55. Bc4 Nd5 56. Be2 Kf4 57. Kc2 Nf6 58. g5 hxg5 59. h5 Ng8 60. Kc3 Ke5 61. Kc4 Nh6 62. Bd1 Nf5 63. Bg4 Nd6+ 64. Kb4 Nf7 65. Kc4 Nh6 66. Be2 Nf5 67. Bg4 Nh6 68. Be2 Nf7 69. Kb4 Kd4 70. Bg4 Kd5 71. Bd1 Nh6 72. Bb3+ Ke5 73. Bd1 Kf4 74. Kc4 Ke5 75. Be2 1/2-1/2


[Site "https://www.chess.com"]

[Event "Titled Tuesday Blitz April 19 Late 2022"]
[White "Kosteniuk, Alexandra"]
[Black "Reprintsev, Alexander"]
[WhiteFideId "4128125"]
[BlackFideId "14100541"]
[WhiteElo "2469"]
[BlackElo "2108"]
[Result "1-0"]
[Round "05"]
[TimeControl "180+1"]
[Date "2022.04.19"]
[WhiteClock "0:00:19"]
[BlackClock "0:00:01"]

1. Nf3 d5 2. g3 Nc6 3. d4 Bf5 4. Bg2 Nb4 5. Na3 e6 6. O-O h6 7. c4 c6 8. Ne5 f6 9. e4 fxe5 10. exf5 Qf6 11. fxe6 e4 12. cxd5 cxd5 13. Nb5 O-O-O 14. Nxa7+ Kb8 15. Nb5 g5 16. Qa4 Na6 17. f4 Qxe6 18. fxg5 e3 19. Qb3 e2 20. Bf4+ Ka8 21. Rfe1 hxg5 22. Bxg5 Be7 23. Bf4 Nf6 24. Qa4 Ne8 25. Qc2 Qc6 26. Qxe2 Bf6 27. Rac1 Qb6 28. Bxd5 Bxd4+ 29. Kg2 Nf6 30. Bf3 Rhe8 31. Qc4 Be3 32. Bxe3 Rxe3 33. Rxe3 Qxe3 34. Rc2 Qb6 35. a4 Rh8 36. h4 Rg8 37. Qxg8+ Nxg8 38. Rc8+ Nb8 39. Rxg8 Qf6 40. Nc3 Qd4 41. Re8 1-0


[Site "https://www.chess.com"]

[Event "Titled Tuesday Blitz April 19 Late 2022"]
[White "Kostiukov, Alexandr"]
[Black "Mirza, Diana"]
[WhiteFideId "14108100"]
[BlackFideId "2503999"]
[WhiteElo "2202"]
[BlackElo "1813"]
[Result "1-0"]
[Round "05"]
[TimeControl "180+1"]
[Date "2022.04.19"]
[WhiteClock "0:01:53"]
[BlackClock "0:02:01"]

1. g3 d5 2. Bg2 c5 3. d3 Nc6 4. e4 d4 5. f4 g6 6. Nf3 Bg7 7. O-O e5 8. a4 Nge7 9. Na3 O-O 10. Nc4 Qc7 11. fxe5 Nxe5 12. Nfxe5 Bxe5 13. Nxe5 Qxe5 14. Bh6 Re8 15. Qf3 f5 16. Rae1 Be6 17. exf5 Qxf5 18. Qe2 Qh5 19. Qxe6+ Kh8 20. Qf6+ 1-0


[Site "https://www.chess.com"]

[Event "Titled Tuesday Blitz April 19 Late 2022"]
[White "Kovanova, Baira"]
[Black "Wagner, Dennis"]
[WhiteFideId "4164083"]
[BlackFideId "24650684"]
[WhiteElo "2190"]
[BlackElo "2355"]
[Result "0-1"]
[Round "05"]
[TimeControl "180+1"]
[Date "2022.04.19"]
[WhiteClock "0:00:03"]
[BlackClock "0:00:49"]

1. e4 c5 2. Nf3 d6 3. d4 cxd4 4. Nxd4 Nf6 5. Nc3 e6 6. g3 Be7 7. Bg2 O-O 8. O-O a6 9. Be3 Bd7 10. h3 Nc6 11. Nde2 b5 12. a3 Rc8 13. g4 h6 14. Ng3 Ne5 15. Nce2 Nc4 16. Bd4 Bc6 17. b3 Ne5 18. f4 Ng6 19. Kh2 Qc7 20. Rc1 Qb7 21. Qd3 Rfe8 22. Bh1 e5 23. fxe5 dxe5 24. Bb2 Nd7 25. Qf3 Rf8 26. Nf5 Nc5 27. Neg3 Bg5 28. Rcd1 Rcd8 29. Rd6 Bf4 30. Rfd1 Rxd6 31. Nxd6 Qe7 32. Kg1 Nh4 33. Qc3 Qa7 0-1


[Site "https://www.chess.com"]

[Event "Titled Tuesday Blitz April 19 Late 2022"]
[White "Krishnakumar, Sriram"]
[Black "Vlassov, Nikolai"]
[WhiteFideId "30915856"]
[BlackFideId "4103360"]
[WhiteElo "2436"]
[BlackElo "2407"]
[Result "0-1"]
[Round "05"]
[TimeControl "180+1"]
[Date "2022.04.19"]
[WhiteClock "0:00:30"]
[BlackClock "0:00:58"]

1. e4 Nc6 2. d4 d5 3. Nc3 e5 4. exd5 Nxd4 5. Nf3 Bg4 6. Be2 Nxe2 7. Qxe2 Bd6 8. h3 Bxf3 9. Qxf3 Ne7 10. O-O O-O 11. Re1 Qd7 12. Be3 f5 13. Rad1 e4 14. Qh5 Rf6 15. Bg5 Rg6 16. Bxe7 Bxe7 17. Qe2 Rf8 18. f3 Bc5+ 19. Kh1 exf3 20. Qxf3 a6 21. Re5 Bd6 22. Re2 b5 23. Rde1 b4 24. Nd1 f4 25. Nf2 Rg3 26. Qe4 f3 27. Qe6+ Qxe6 28. Rxe6 fxg2+ 29. Kg1 Bc5 30. R1e2 Rgf3 31. Kxg2 Rxf2+ 32. Rxf2 Rxf2+ 33. Kg3 Rxc2 34. Rc6 Bd6+ 35. Kf3 Rxc6 36. dxc6 Kf7 37. Ke4 Ke6 38. Kd4 g5 39. a4 bxa3 40. bxa3 Bxa3 41. Kc4 Kd6 42. Kb3 Bc5 43. Ka4 Kxc6 44. Ka5 h5 45. Ka4 g4 46. Kb3 gxh3 47. Kc4 h2 48. Kb3 h1=Q 49. Kc4 h4 50. Kd3 h3 51. Ke2 h2 52. Kd2 Qg2+ 53. Kd3 h1=Q 54. Kc4 Qe4+ 55. Kc3 Qc1+ 56. Kb3 Qec4# 0-1


[Site "https://www.chess.com"]

[Event "Titled Tuesday Blitz April 19 Late 2022"]
[White "Lehtosaari, Mauri"]
[Black "Pourkashiyan, Atousa"]
[WhiteFideId "501999"]
[BlackFideId "12502014"]
[WhiteElo "2464"]
[BlackElo "2247"]
[Result "1-0"]
[Round "05"]
[TimeControl "180+1"]
[Date "2022.04.19"]
[WhiteClock "0:00:30"]
[BlackClock "0:00:51"]

1. d4 Nf6 2. Nf3 d5 3. Bg5 e6 4. Nbd2 Be7 5. e3 O-O 6. Bd3 c5 7. c3 Nbd7 8. O-O b6 9. Ne5 Nxe5 10. dxe5 Nd7 11. Bxe7 Qxe7 12. f4 a5 13. Rf3 g6 14. Rh3 Ba6 15. Bxa6 Rxa6 16. Nf3 f6 17. exf6 Nxf6 18. Ng5 Raa8 19. Qb3 Rab8 20. Rf1 e5 21. f5 c4 22. Qb5 Rbd8 23. Ne6 Rfe8 24. Nxd8 Qxd8 25. fxg6 hxg6 26. Rxf6 Kg7 27. Rhf3 Re7 28. Qc6 Qe8 29. Qxd5 Rd7 30. Qxc4 Qd8 31. Rf7+ Rxf7 32. Qxf7+ Kh6 33. Qf8+ 1-0


[Site "https://www.chess.com"]

[Event "Titled Tuesday Blitz April 19 Late 2022"]
[White "Lopez Del Alamo, Antonio"]
[Black "Isajevsky, Anton"]
[WhiteFideId "2227339"]
[BlackFideId "4142500"]
[WhiteElo "2082"]
[BlackElo "2510"]
[Result "0-1"]
[Round "05"]
[TimeControl "180+1"]
[Date "2022.04.19"]
[WhiteClock "0:00:03"]
[BlackClock "0:00:11"]

1. e4 g6 2. d4 Bg7 3. Nc3 a6 4. f4 b5 5. a3 Bb7 6. Nf3 d6 7. Bd3 Nd7 8. e5 e6 9. Ne4 Nb6 10. Qe2 Ne7 11. Bd2 Qd7 12. Bb4 Ned5 13. exd6 Nxb4 14. axb4 cxd6 15. c3 O-O 16. O-O Nd5 17. g3 h6 18. Ra5 Qc6 19. Ned2 Rae8 20. Raa1 Qb6 21. Nb3 Ba8 22. Ra3 e5 23. fxe5 dxe5 24. Rfa1 e4 25. Bxe4 Nxc3 26. bxc3 Bxe4 27. Nc5 Bd5 28. Qf2 Qf6 29. Rf1 Qf5 30. Rxa6 Re7 31. Rd6 Bc4 32. Re1 Rfe8 33. Rxe7 Rxe7 34. Nd2 Qg4 35. Nde4 Rxe4 36. Nxe4 Qxe4 37. Rd8+ Kh7 38. h4 Qb1+ 39. Kg2 Qc1 40. Qe3 Qxe3 0-1


[Site "https://www.chess.com"]